 Dungeon Crawl Stone Soup version 0.28-a0-1159-g27aa881441 (webtiles) character file.

Game seed: 15397240745730305492

7228 tnor the Purifying Hill Orc (level 11, -4/84 HPs)
             Began as a Hill Orc Wanderer on Dec 15, 2021.
             Was a High Priest of Elyvilon.
             Succumbed to a killer bee's poison
             ... on level 9 of the Dungeon.
             The game lasted 00:29:53 (13844 turns).

tnor the Purifying Hill Orc (Hill Orc Wanderer)    Turns: 13844, Time: 00:29:54

Health: -4/84      AC: 13    Str: 22    XL:     11   Next: 12%
Magic:  20/20      EV:  9    Int: 16    God:    Elyvilon [*****.]
Gold:   370        SH:  0    Dex:  9    Spells: 12/12 levels left

rFire   + . .      SeeInvis .   b - +9 morningstar (holy)
rCold   + . .      Faith    .   (no shield)
rNeg    . . .      Spirit   .   d - +1 scale mail
rPois   .          Reflect  .   e - +1 helmet
rElec   .          Harm     .   (no cloak)
rCorr   .          Rampage  .   (no gloves)
Will    .....                   (no boots)
Stlth   ..........              B - amulet of the acrobat
HPRegen 0.24/turn               y - ring of Circularity {rC+ AC+4 Str+5}
MPRegen 0.17/turn               E - ring of protection from fire

@: lethally poisoned (-4 -> -35)
A: no striking features
a: Renounce Religion, Purification, Heal Other, Heal Self, Divine Vigour


You were on level 9 of the Dungeon.
You worshipped Elyvilon.
Elyvilon was extremely pleased with you.
You visited 1 branch of the dungeon, and saw 9 of its levels.
You also visited: Ossuary.

You collected 370 gold pieces.

Inventory:

Hand Weapons
 b - a +9 morningstar of holy wrath (weapon)
Missiles
 j - 3 throwing nets
 l - 3 boomerangs
 n - 4 curare-tipped darts (quivered)
 s - 4 atropa-tipped darts
Armour
 d - a +1 scale mail (worn)
 e - a +1 helmet (worn)
 g - a +0 kite shield
Jewellery
 c - a ring of magical power
 y - the ring of Circularity (left hand) {rC+ AC+4 Str+5}
   (You acquired it on level 8 of the Dungeon)

   [ring of protection]

   AC:        It affects your AC (+4).
   Str:       It affects your strength (+5).
   rC:        It protects you from cold.
 B - an amulet of the acrobat (around neck)
 E - a ring of protection from fire (right hand)
Wands
 p - a wand of flame (57)
 z - a wand of mindburst (1)
Scrolls
 i - 2 scrolls of immolation
 k - a scroll of noise
 q - a scroll of fear {unknown}
 w - 2 scrolls of silence
 x - 3 scrolls of teleportation
 D - 2 scrolls of amnesia {unknown}
Potions
 a - 3 potions of flight
 f - 3 potions of cancellation
 h - a potion of magic
 m - 2 potions of attraction
 o - 2 potions of lignification
 r - 4 potions of resistance {unknown}
 t - a potion of brilliance
 u - a potion of haste {unknown}
 v - 2 potions of heal wounds
 A - 3 potions of mutation {unknown}
 C - a potion of might


   Skills:
 - Level 4.0 Fighting
 - Level 12.0 Maces & Flails
 - Level 5.0 Throwing
 + Level 6.0 Shields
 - Level 1.0 Spellcasting
 - Level 2.0 Summonings
 - Level 2.1 Transmutations
 + Level 12.5 Invocations
 - Level 1.0 Evocations


You had 12 spell levels left.
You didn't know any spells.
Your spell library contained the following spells:

 Spells                   Type           Power      Damage    Failure   Level
 Beastly Appendage        Tmut           14%        N/A       26%         1
 Summon Small Mammal      Summ           28%        N/A       28%         1
 Wereblood                Tmut           7%         N/A       36%         2
 Pain                     Necr           0%         1d4       54%         1
 Slow                     Hex            0%         N/A       54%         1
 Corpse Rot               Necr/Air       0%         N/A       67%         2
 Ensorcelled Hibernation  Hex/Ice        0%         N/A       67%         2
 Poisonous Vapours        Pois/Air       0%         N/A       67%         2
 Summon Guardian Golem    Hex/Summ       4%         N/A       77%         3
 Ignite Poison            Fire/Tmut/Pois 3%         N/A       82%         3
 Confusing Touch          Hex            0%         N/A       88%         3
 Tukima's Dance           Hex            0%         N/A       88%         3
 Passage of Golubria      Tloc           0%         N/A       99%         4
 Petrify                  Tmut/Erth      4%         N/A       99%         4
 Agony                    Necr           0%         N/A       100%        5
 Excruciating Wounds      Necr           0%         N/A       100%        5
 Metabolic Englaciation   Hex/Ice        0%         N/A       100%        5
 Yara's Violent Unravell  Hex/Tmut       2%         3d3       100%        5
 Statue Form              Tmut/Erth      2%         N/A       100%        6


Dungeon Overview and Level Annotations

Branches:
Dungeon (9/15)             Temple (0/1) D:6            Lair (0/6) D:9
Ossuary (visited)
    Orc: D:9-12

Altars:
Ashenzari
Dithmenos
Elyvilon
Fedhas
Kikubaaqudgha
Ru
Sif Muna
Uskayaw
Wu Jian
Zin

Shops:
D:3 (   D:8 *


Message History

The killer bee stings you but does no damage.
You hear an angry buzzing noise. x2
Your Shields skill increases to level 6!
Aiming: Mindburst
Press: ? - help, Shift-Dir - straight line, f - killer bee
Aim: a killer bee (berserk, chance to affect: 77%)
The killer bee barely resists.
You feel extremely sick. The killer bee stings you.
The killer bee stings you but does no damage. x2
Aiming: Mindburst
Press: ? - help, Shift-Dir - straight line, f/p - killer bee
Aim: a killer bee (berserk, chance to affect: 77%)
The killer bee's mind is blasted!
You feel very sick. The killer bee stings you!
* * * LOW HITPOINT WARNING * * *
You are lethally poisoned!
The killer bee poisons you! The killer bee stings you!
* * * LOW HITPOINT WARNING * * *
The killer bee stings you.
* * * LOW HITPOINT WARNING * * *
You are more poisoned.
The killer bee poisons you!
You hear an angry buzzing noise.
Aiming: Mindburst
Press: ? - help, Shift-Dir - straight line, f/p - killer bee
Aim: a killer bee (heavily wounded, berserk, chance to affect: 77%)
The killer bee's mind is blasted.
* * * LOW HITPOINT WARNING * * *
You feel extremely sick. The killer bee misses you. The killer bee stings you.
Elyvilon protects you from harm! The killer bee closely misses you.
Aiming: Mindburst
Press: ? - help, Shift-Dir - straight line, f/p - killer bee
Aim: a killer bee (almost dead, berserk, chance to affect: 77%)
The killer bee's mind is blasted!!
You blow up the killer bee!
You die...

.....[# ......#.#..
.._...^....#
......#.....#
......#...##.#
......#.#.#.#!#
##^####...##.#.# ##
.........†###.#.#.# ##
.##........# #.#@# ..#.
).)........####†###.....
........#....#.##....#
.#####.>#....).......# .#
#..######..###### .# #..#
#..# .#
#..######..#########
.#####..................#
........................#


There were no monsters in sight!

Vanquished Creatures
  A two-headed ogre (D:8)
  A troll (D:9)
  A hornet (D:8)
  A queen bee (D:9)
  A wyvern (D:9)
  A yak (D:5)
  3 vampire mosquitoes
  Menkaure (D:5)
  Edmund (D:4)
  2 orc warriors (D:9)
  3 black bears
  3 ogres
  A sky beast (D:5)
  An ice beast (D:8)
  4 necrophages
  2 centaurs
  An elf zombie (Ossuary)
  3 phantoms
  2 kobold brigands
  A wyvern zombie (D:5)
  A gnoll sergeant (D:7)
  2 bullfrogs
  5 water moccasin zombies
  A scorpion (D:4)
  18 killer bees (D:9)
  A troll zombie (Ossuary)
  4 wights (D:6)
  A howler monkey (D:8)
  A bullfrog zombie (D:5)
  2 centaur zombies (Ossuary)
  A human zombie (Ossuary)
  3 hounds
  A jelly (D:5)
  A bullfrog skeleton (D:5)
  2 centaur skeletons
  5 iguanas
  8 orc wizards
  2 scorpion zombies (D:5)
  Natasha (thrice) (D:5)
  2 killer bee zombies
  2 ogre zombies (Ossuary)
  7 mummies (Ossuary)
  A hound zombie (D:5)
  A hound skeleton (D:5)
  A howler monkey zombie (D:6)
  Robin (D:3)
  15 gnolls
  7 adders
  A shadow imp (D:7)
  A white imp (D:7)
  An ufetubus (D:4)
  2 adder zombies (D:5)
  2 adder skeletons
  2 worms
  4 dart slugs
  18 orcs
  6 ball pythons
  6 bats
  6 endoplasms
  8 giant cockroaches
  16 goblins
  9 hobgoblins
  6 jackals
  14 kobolds
  10 quokkas
  4 frilled lizards
  5 goblin zombies (Ossuary)
  7 hobgoblin zombies (Ossuary)
  2 kobold zombies (Ossuary)
  2 quokka zombies (Ossuary)
  8 rats
  7 rat zombies (Ossuary)
280 creatures vanquished.

Vanquished Creatures (others)
  An orc priest (D:7)
  An orc (D:7)
  23 plants
25 creatures vanquished.

Grand Total: 305 creatures vanquished

Notes
Turn   | Place    | Note
-------+----------+-------------------------------------------
     0 | D:1      | tnor the Hill Orc Wanderer began the quest for the Orb.
     0 | D:1      | tnor set off with the following items: a +0 club, a +0
                  | robe, a scroll of silence; and the following spells
                  | available to memorise: Beastly Appendage, Summon Small
                  | Mammal, Wereblood, Summon Guardian Golem, Ignite Poison
     0 | D:1      | Reached XP level 1. HP: 19/19 MP: 2/2
   491 | D:1      | Reached skill level 1 in Maces & Flails
   491 | D:1      | Reached XP level 2. HP: 24/27 MP: 3/3
  1647 | D:2      | Reached XP level 3. HP: 32/33 MP: 4/4
  2161 | D:2      | Found a faded altar of an unknown god.
  2258 | D:2      | Reached XP level 4. HP: 29/40 MP: 5/5
  3143 | D:3      | Found a hide-covered altar of Uskayaw.
  3144 | D:3      | Found a shimmering blue altar of Sif Muna.
  3146 | D:3      | Found an ornate altar of the Wu Jian Council.
  3146 | D:3      | Found a white marble altar of Elyvilon.
  3190 | D:3      | Became a worshipper of Elyvilon the Healer
  3570 | D:3      | Reached skill level 1 in Invocations
  3570 | D:3      | Reached XP level 5. HP: 20/46 MP: 6/6
  3777 | D:3      | Noticed an ogre
  3926 | D:4      | Reached * piety under Elyvilon
  4105 | D:4      | Noticed Robin
  4213 | D:3      | Killed Robin
  4227 | D:3      | Identified a scroll of acquirement
  4229 | D:3      | Acquired a +7 morningstar of holy wrath
  4311 | D:4      | Reached skill level 5 in Maces & Flails
  4363 | D:4      | Reached XP level 6. HP: 17/52 MP: 8/8
  4721 | D:4      | Noticed Natasha
  4726 | D:5      | Entered Level 5 of the Dungeon
  4732 | D:5      | Killed Natasha
  4811 | D:4      | Noticed a necrophage
  4817 | D:4      | Killed a necrophage
  4931 | D:4      | Found a glowing silver altar of Zin.
  5087 | D:4      | Noticed Edmund
  5096 | D:4      | Killed Edmund
  5097 | D:4      | Reached skill level 5 in Invocations
  5097 | D:4      | Reached XP level 7. HP: 45/59 MP: 10/10
  5530 | D:3      | Found Axuga's Weapon Shoppe.
  5531 | D:3      | Reached ** piety under Elyvilon
  6312 | D:5      | Reached skill level 1 in Throwing
  6312 | D:5      | Reached XP level 8. HP: 52/66 MP: 11/13
  6737 | D:5      | Noticed Natasha
  6743 | D:5      | Killed Natasha
  6796 | D:5      | Noticed a yak
  6870 | D:5      | HP: 1/66 [water moccasin (6)]
  7320 | D:5      | Reached XP level 9. HP: 67/71 MP: 15/15
  7734 | D:5      | Noticed Natasha
  7746 | D:5      | Killed Natasha
  7828 | D:5      | Found an ancient bone altar of Kikubaaqudgha.
  7878 | D:5      | Noticed Menkaure
  7892 | D:5      | Elyvilon protects you from harm!
  7893 | D:5      | Killed Menkaure
  8470 | D:5      | Found a shadowy altar of Dithmenos.
  8849 | D:6      | Reached skill level 5 in Throwing
  8902 | D:6      | Reached skill level 10 in Maces & Flails
  8902 | D:6      | Reached skill level 10 in Invocations
  8993 | D:6      | Found a staircase to the Ecumenical Temple.
  9004 | D:6      | Reached *** piety under Elyvilon
  9385 | D:6      | Reached XP level 10. HP: 77/78 MP: 17/17
  9602 | D:7      | Identified the +6 war axe "Ycypul" {holy, rN+++}
  9810 | D:7      | Reached skill level 1 in Shields
 11078 | D:8      | Reached **** piety under Elyvilon
 11115 | D:8      | Found a sand-covered staircase.
 11124 | Ossuary  | Entered an ossuary
 11790 | D:8      | Noticed a two-headed ogre
 11801 | D:8      | Killed a two-headed ogre
 11828 | D:8      | Acquired the ring of Circularity {rC+ AC+4 Str+5}
 12265 | D:8      | Found Qiotziulim's Assorted Antiques.
 12371 | D:9      | Found a blossoming altar of Fedhas.
 12844 | D:9      | Found a broken altar of Ashenzari.
 12845 | D:9      | Found a sacrificial altar of Ru.
 12876 | D:9      | Reached skill level 5 in Shields
 12901 | D:9      | Reached XP level 11. HP: 57/84 MP: 20/20
 13078 | D:9      | Reached ***** piety under Elyvilon
 13488 | D:9      | Found a staircase to the Lair.
 13843 | D:9      | HP: 2/84 [poisoned by a killer bee]
 13843 | D:9      | Elyvilon protects you from harm!
 13844 | D:9      | Succumbed to a killer bee's poison

Illustrated notes

Levels and vault maps discovered:
D:1:      roderic_crop_circles_arrival_small, layout_loops_corners
D:2:      layout_rooms, dreamdust_ecumenical_altar_hidden_monk_grotto, hex_tiny,
          chequers_serial_rivers_small_3, minmay_increasing_density
D:3:      layout_basic, mainiacjoe_overflow_alcove_3, serial_shops,
          nicolae_shop_statue_plus, serial_bayou_lagoon_a
D:4:      layout_rooms, overflow_temple_1_default, minmay_fountain_box,
          interstate_on_off, uniq_natasha, uniq_robin, uniq_edmund
D:5:      layout_basic, kiku_gazebo_pond_becter, marbit_many_paths,
          serial_undead, serial_undead_d, serial_undead_c, serial_undead_d,
          serial_undead_c, minivault_11, grunt_ministairs_15, st_stairs_6,
          corexii_checkpoint_a, minivault_14, uniq_menkaure
D:6:      layout_rooms, minmay_temple_entry_sparse_star, gup_sewer_entry_pipe
D:7:      lemuel_ice_spiral_2, layout_rooms
D:8:      layout_loops_ring, lightli_ossuary_entry_decrepit_ruins, serial_shops,
          nicolae_shop_hallway_stairs
D:9:      layout_long_grid, nicolae_ru_sacrificial_ziggurat, lemuel_tele_altar,
          mainiacjoe_overflow_chevrons, minivault_7

Skill      XL: |  1  2  3  4  5  6  7  8  9 10 11 |
---------------+----------------------------------+-----
Fighting       | 4 |  4.0
Maces & Flails | 1 2 3 4 5 6 7 8 10 12 | 12.0
Invocations    | 1 3 5 6 8 10 12 | 12.5
Throwing       | 1 3 5 |  5.0
Shields        | 5 6 |  6.0
Spellcasting   | |  1.0
Summonings     | |  2.0
Transmutations | |  2.1
Evocations     | |  1.0

Action                   |  1- 3 |  4- 6 |  7- 9 | 10-12 || total
-------------------------+-------+-------+-------+-------++-------
Melee: Club              |   232 |    63 |       |       ||   295
       Whip              |       |   142 |       |       ||   142
       Morningstar       |       |    61 |   230 |   303 ||   594
Throw: Throwing net      |       |     1 |       |     1 ||     2
       Boomerang         |       |       |     2 |       ||     2
       Dart              |       |       |     1 |     8 ||     9
Invok: Heal Other        |       |       |     3 |     1 ||     4
Evoke: Wand              |       |       |       |    15 ||    15
  Use: Scroll            |     2 |     9 |     5 |     8 ||    24
       Potion            |       |     5 |       |     2 ||     7
 Stab: Held in net/web   |       |     1 |       |       ||     1
Armor: Robe              |     7 |       |       |       ||     7
       Scale mail        |   157 |   144 |   125 |   138 ||   564
       Skin              |       |       |       |    71 ||    71
Dodge: Dodged            |   153 |   113 |   110 |   133 ||   509

Table legend: (Time is in decaauts)
 A = Elapsed time spent in this place.
 B = Non-inter-level travel time spent in this place.
 C = Inter-level travel time spent in this place.
 D = Time resting spent in this place.
 E = Time spent auto-exploring this place.
 F = Levels seen in this place.
 G = Mean time per level.
                   A        B        C        D        E       F      G
               +--------+--------+--------+--------+--------+-----+--------+
         Total |  13930 |  13580 |    350 |   1536 |   9502 |  10 | 1393.0 |
       Dungeon |  13431 |  13081 |    350 |   1536 |   9149 |   9 | 1492.3 |
       Ossuary |    499 |    499 |      0 |      0 |    353 |   1 |  499.0 |
               +--------+--------+--------+--------+--------+-----+--------+

Top non-repeatable levels by time:
     D:5: 2175 daAuts
     D:4: 1764 daAuts
     D:3: 1739 daAuts
     D:1: 1730 daAuts
     D:2: 1479 daAuts
     D:9: 1471 daAuts
     D:7: 1256 daAuts
     D:6: 1005 daAuts
     D:8: 807 daAuts
 Ossuary: 499 daAuts
